 Dungeon Crawl Stone Soup version 0.18.1-50-g88ac8fd (webtiles) character file.

37 ololoev the Digger (level 3, -2/19 HPs)
             Began as a Deep Elf Earth Elementalist on Nov 24, 2016.
             Killed from afar by Natasha (11 damage)
             ... with a magic dart
             ... on level 3 of the Dungeon.
             The game lasted 00:02:25 (308 turns).

ololoev the Digger (Deep Elf Earth Elementalist)     Turns: 308, Time: 00:02:25

Health: -2/19      AC:  3    Str:  5    XL:     3   Next: 21%
Magic:  5/10       EV: 13    Int: 20    God:
Gold:   0          SH:  0    Dex: 15    Spells: 2 memorised, 5 levels left

rFire  . . .     SeeInvis .     b - 57 stones
rCold  . . .     Gourm    .     a - +0 robe
rNeg   . . .     Faith    .     (no shield)
rPois  .         Spirit   .     e - +0 helmet
rElec  .         Dismiss  .     (no cloak)
rCorr  .         Reflect  .     (no gloves)
SustAt .         Harm     .     (no boots)
MR     .....                    (no amulet)
Stlth  ++........               (no ring)
                                (no ring)

@: very slightly contaminated, slowed, very slow, not resistant to hostile
enchantments, unstealthy
A: no striking features
a: no special abilities

Inventory:

Missiles
 b - 57 stones (in hand)
Armour
 a - a +0 robe (worn)
 e - a +0 helmet (worn)
Scrolls
 f - 2 scrolls of remove curse {unknown}
 g - a scroll of enchant armour {unknown}
 h - a scroll of magic mapping {unknown}
 i - a scroll of identify {unknown}
Books
 c - a book of Geomancy

   Spells                             Type                      Level
   a - Sandblast                      Earth                        1
   b - Passwall                       Transmutation/Earth          2
   c - Stone Arrow                    Conjuration/Earth            3
   d - Petrify                        Transmutation/Earth          4
   e - Lee's Rapid Deconstruction     Earth                        5
Comestibles
 d - a bread ration


   Skills:
 - Level 2.4 Dodging
 - Level 2.4 Stealth
 + Level 3.7 Spellcasting
 * Level 0.7 Conjurations
   Level 1.1 Transmutations
 + Level 4.2 Earth Magic


You had 5 spell levels left.
You knew the following spells:

 Your Spells              Type           Power        Failure   Level  Hunger
a - Sandblast             Erth           ###...       2%          1    None
b - Stone Arrow           Conj/Erth      ##....       17%         3    ###....


You were on level 3 of the Dungeon.
You were not hungry.

You visited 1 branch of the dungeon, and saw 3 of its levels.

. ... ...# #..#.
##..# ######K.....
...## #..)@h5...#
#...# #.######>##
#...# #<###### #...#
#......# #...#
#.####.# ##...######
#...#
..........###.#.#
..............#...
..........#........#

Notes
Turn   | Place    | Note
--------------------------------------------------------------
     0 | D:1      | ololoev the Deep Elf Earth Elementalist began the quest for the Orb.
     0 | D:1      | Reached XP level 1. HP: 10/10 MP: 6/6
    21 | D:1      | You fall through a shaft!
    41 | D:2      | Reached XP level 2. HP: 15/15 MP: 4/8
   144 | D:2      | Reached skill level 4 in Earth Magic
   156 | D:2      | Reached XP level 3. HP: 19/19 MP: 3/10
   161 | D:2      | Learned a level 3 spell: Stone Arrow
   299 | D:3      | Noticed Natasha
   308 | D:3      | Killed from afar by Natasha

Dungeon Overview and Level Annotations

Branches:
Dungeon (3/15)

Altars:

Annotations:
D:3 Natasha


Message History

Casting: Sandblast
Confirm with . or Enter, or press ? or * to list all spells.
You can't see any susceptible monsters within range! (Use Z to cast anyway.) Unknown command.
Casting: Sandblast
Confirm with . or Enter, or press ? or * to list all spells.
You can't see any susceptible monsters within range! (Use Z to cast anyway.) Unknown command.
Casting: Sandblast
Confirm with . or Enter, or press ? or * to list all spells.
Aiming: Sandblast
Press: ? - help, Shift-Dir - straight line, f - hobgoblin
Aim: a hobgoblin (hasn't noticed you)
The rocky blast hits the hobgoblin.
You kill the hobgoblin!
(D) Dungeon
Where to? (Enter - D:3 @ (x,y), ? - help)
There is a stone staircase leading down here.
You climb downwards.
There is a stone staircase leading up here.
A hobgoblin and Natasha come into view.
Found 12 gold pieces and 14 bolts.
The hobgoblin closely misses you.
Found a stone staircase leading down.
Casting: Sandblast
Confirm with . or Enter, or press ? or * to list all spells.
Aiming: Sandblast
Press: ? - help, Shift-Dir - straight line, f - hobgoblin
Aim: a hobgoblin, wielding a club The rocky blast hits the hobgoblin.
You kill the hobgoblin!
Things that are here:
a club; 12 gold pieces
Casting: Sandblast
Confirm with . or Enter, or press ? or * to list all spells.
Aiming: Sandblast
Press: ? - help, Shift-Dir - straight line, f - Natasha
Aim: Natasha (resting)
The rocky blast hits Natasha.
Natasha hisses angrily.
You hear a shout!
Natasha growls.
Natasha casts a spell.
Casting: Sandblast
Confirm with . or Enter, or press ? or * to list all spells.
Aiming: Sandblast
Press: ? - help, Shift-Dir - straight line, f/p - Natasha
Aim: Natasha The rocky blast hits Natasha.
Natasha is heavily wounded.
Natasha stares at you and mumbles some strange words.
You feel yourself slow down.
A kobold comes into view. It is wielding a club.
Casting: Sandblast
Confirm with . or Enter, or press ? or * to list all spells.
Aiming: Sandblast
Press: ? - help, Shift-Dir - straight line, f/p - Natasha
Aim: Natasha (heavily wounded)
The rocky blast misses Natasha.
Casting: Sandblast
Confirm with . or Enter, or press ? or * to list all spells.
Aiming: Sandblast
Press: ? - help, Shift-Dir - straight line, f/p - Natasha
Aim: Natasha (heavily wounded)
You miscast Sandblast.
You are very lightly contaminated with residual magic.
You are showered with tiny particles of grit.
Natasha wildly gestures.
Natasha's fingertips start to glow.
Natasha casts a spell at you. The magic dart hits you! Natasha claws you.
Casting: Sandblast
Confirm with . or Enter, or press ? or * to list all spells.
Aiming: Sandblast
Press: ? - help, Shift-Dir - straight line, f - kobold, p - Natasha
Aim: a kobold, wielding a club The rocky blast misses Natasha.
The rocky blast misses the kobold.
Natasha stares at you and mumbles some strange words.
The magic dart hits you!
Ouch! That really hurt!
You die...

You could see an iron imp, Natasha and a kobold.

Vanquished Creatures
  2 adders (D:2)
  An ooze (D:2)
  A giant gecko (D:2)
  2 goblins (D:2)
  4 hobgoblins
  A bat (D:2)
  A giant newt (D:2)
  A kobold (D:2)
  2 rats (D:2)
15 creatures vanquished.

Action                   || total
-------------------------++-------
 Cast: Sandblast         ||    25
       Stone Arrow       ||     2
Armor: Robe              ||     3
Dodge: Dodged            ||     4

Vault maps used:
D:1:      minmay_arrival_hallway, minivault_19, minmay_newt_pond
D:2:      first_bread
D:3:      serial_aquarium, aquarium_bridge_square, aquarium_bridge_straight,
          aquarium_window_corner, aquarium_window_corridor_1, aquarium_view_2g,
          uniq_natasha
